 Dungeon Crawl Stone Soup version 0.29-a0-416-g83a48905f1 (webtiles) character file.

Game seed: 12353015410182092340

26 spiderkeys the Ducker (level 2, 0/16 HPs)
             Began as a Spriggan Abyssal Knight on May 17, 2022.
             Was a Believer of Lugonu.
             Slain by a goblin
             ... wielding a +0 dagger
              (1 damage)
             ... on level 2 of the Dungeon.
             The game lasted 00:01:54 (1446 turns).

spiderkeys the Ducker (Spriggan Abyssal Knight)     Turns: 1446, Time: 00:01:55

Health: 0/16       AC:  2    Str:  9    XL:     2   Next: 89%
Magic:  4/4        EV: 18    Int: 11    God:    Lugonu [**....]
Gold:   95         SH:  0    Dex: 15    Spells: 1/1 levels left

rFire   . . .      SeeInvis +   j - +2 long sword (freeze)
rCold   . . .      Faith    .   (no shield)
rNeg    . . .      Spirit   .   b - +0 robe
rPois   .          Reflect  .   (helmet restricted)
rElec   .          Harm     .   (no cloak)
rCorr   .          Rampage  .   (gloves unavailable)
Will    .....                   (boots unavailable)
Stlth   ++........              (no amulet)
HPRegen 0.05/turn               (no ring)
MPRegen 0.09/turn               (no ring)

@: very quick
A: very small, no large weapons, unfitting armour, see invisible, speed 3
a: Renounce Religion, Depart the Abyss, Bend Space


You were on level 2 of the Dungeon.
You worshipped Lugonu.
Lugonu was pleased with you.
You visited 1 branch of the dungeon, and saw 2 of its levels.
You visited the Abyss 1 time.

You collected 95 gold pieces.


Innate Abilities, Weirdness & Mutations

You are very small and have problems with some larger weapons.
You are too small for most types of armour.
You have supernaturally acute eyesight. (SInv)
You cover ground extremely quickly. (Speed+++)


   Skills:
 + Level 2.6 Fighting
 + Level 2.5 Short Blades
 + Level 3.6 Dodging
 + Level 1.6 Stealth
 + Level 2.1 Invocations


You had one spell level left.
You didn't know any spells.
Your spell library was empty.

Inventory:

Hand Weapons
 a - a +1 short sword
 f - a +0 vampiric short sword
   (You took it off a kobold on level 1 of the Dungeon)
 j - a +2 long sword of freezing (weapon)
   (You found it on level 2 of the Dungeon)
Missiles
 d - 40 stones
 k - an atropa-tipped dart
Armour
 b - a +0 robe (worn)
Jewellery
 C - a ring of ice
   (You found it on level 2 of the Dungeon)
 F - a ring of fire
   (You found it on level 1 of the Dungeon)
Scrolls
 g - a scroll of blinking {unknown}
 h - a scroll of vulnerability {unknown}
Potions
 c - a potion of heal wounds {unknown}
 e - a potion of curing {unknown}
 i - a potion of brilliance {unknown}

Dungeon Overview and Level Annotations

Branches:
Dungeon (2/15)

Altars:

#########
################.......#
.......)........@......+
....############.gg....#
.....†...... #..((...#
....######### #.......#
....#######.# #.......#
....).....†<# #.......#
....######### #.......#
........... ######...
###########


You could see a hobgoblin and a goblin.


Message History

There is an open door here.
There is an open door here.
You open the door.
An endoplasm comes into view.
An endoplasm is nearby!
The endoplasm quivers.
There is an open door here.
You slash the endoplasm! You freeze the endoplasm.
You kill the endoplasm!
Lugonu accepts your kill.
No target in view!
No target in view!
There is an open door here.
There is an open door here.
Key pressed, stopping explore.
k - 2 atropa-tipped darts
There is an open door here.
You see here a +2 pair of gloves.
Done exploring.
Your library has no spells.
Your library has no spells.
Done exploring.
There is an open door here.
There is a stone staircase leading down here.
You climb downwards.
There is a stone staircase leading up here.
A frilled lizard is nearby!
The helpless frilled lizard fails to defend itself.
You hit the frilled lizard.
The frilled lizard seems to slow down.
You freeze the frilled lizard.
You kill the frilled lizard!
Lugonu accepts your kill.
No target in view!
No target in view!
You see here a frilled lizard corpse.
A frilled lizard comes into view.
A frilled lizard is nearby!
The frilled lizard hisses angrily.
You hear a shout! x2
A goblin comes into view. It is wielding a +0 club.
You hit the frilled lizard.
The frilled lizard seems to slow down.
You freeze the frilled lizard.
You kill the frilled lizard!
Lugonu accepts your kill.
You slash the goblin! You freeze the goblin.
You kill the goblin!
Lugonu accepts your kill.
No target in view!
No target in view!
No target in view!
A giant cockroach comes into view.
Things that are here:
a +0 club; a frilled lizard corpse A giant cockroach is nearby!
You hit the giant cockroach. You freeze the giant cockroach.
You kill the giant cockroach!
Lugonu accepts your kill.
No target in view!
No target in view!
You now have 95 gold pieces (gained 8).
A hobgoblin comes into view.
A hobgoblin is nearby!
The hobgoblin shouts!
The hobgoblin completely misses you.
You slash the hobgoblin! You freeze the hobgoblin.
You kill the hobgoblin!
Lugonu accepts your kill.
No target in view!
No target in view!
Found a glowing war axe.
Found a stone staircase leading up.
A hobgoblin comes into view.
You see here a +2 war axe of flaming.
A hobgoblin comes into view.
It is wielding a +1 executioner's axe of freezing.
Throw: 2 darts (atropa)
Press: ? - help, Shift-Dir - straight line, f - hobgoblin
Aim: a hobgoblin, wielding a +1 executioner's axe of freezing (wandering, hasn't noticed you, 59% to hit, chance to blind on hit: 100%)
You throw an atropa-tipped dart.
The atropa-tipped dart hits the hobgoblin.
The hobgoblin appears confused.
The hobgoblin shouts!
You hear a shout!
A goblin comes into view. It is wielding a +0 dagger.
Throw: 41 stones
Press: ? - help, Shift-Dir - straight line, f/p - hobgoblin
Aim: a hobgoblin, wielding a +1 executioner's axe of freezing (wandering, confused, blind, hasn't noticed you, 78% to hit)
You throw a stone.
The stone hits the hobgoblin but does no damage.
The hobgoblin seems less confused.
The hobgoblin hits you with a +1 executioner's axe of freezing!
Ouch! That really hurt!
* * * LOW HITPOINT WARNING * * *
The hobgoblin freezes you.
* * * LOW HITPOINT WARNING * * *
😱 HP[-15]
You take 15 damage, and now have 1/16 hp.
MASSIVE DAMAGE!! (PAUSE)
You closely miss the hobgoblin.
The hobgoblin is no longer blind.
The goblin misses you. The hobgoblin completely misses you.
The goblin hits you with a +0 dagger.
You die...

Skill      XL: |  1 |
---------------+----+-----
Stealth        | 1 |  1.6
Invocations    | 2 |  2.1
Fighting       | |  2.6
Short Blades   | |  2.5
Dodging        | |  3.6

Action                   || total
-------------------------++-------
Melee: Short sword       ||    51
       Long sword        ||    11
Throw: Dart              ||     1
       Stone             ||     1
 Stab: Sleeping          ||     2
Armor: Robe              ||     5
Dodge: Dodged            ||    44

Levels and vault maps discovered:
D:1:      lightli_arrival_noodles, layout_basic,
          hellmonk_ecumenical_altar_inner_sanctum
D:2:      layout_basic

Notes
Turn   | Place    | Note
-------+----------+-------------------------------------------
     0 | Abyss:1  | spiderkeys the Spriggan Abyssal Knight began the quest for
                  | the Orb.
     0 | Abyss:1  | Reached XP level 1. HP: 11/11 MP: 3/3
     0 | Abyss:1  | magus.rc [v1.11.3]
    13 | D:1      | You pass through the gate.
    13 | D:1      | Escaped the Abyss
   322 | D:1      | Reached skill level 1 in Stealth
   322 | D:1      | Reached skill level 2 in Invocations
   322 | D:1      | Reached XP level 2. HP: 15/16 MP: 4/4
   544 | D:1      | Found a faded altar of an unknown god.
   801 | D:1      | You fall into a shaft and drop 1 floor!
  1444 | D:2      | HP: 2/16 [hobgoblin/+1 executioner's axe of freezing (14)]
  1446 | D:2      | Slain by a goblin

Vanquished Creatures
  5 endoplasms (D:1)
  A giant cockroach (D:2)
  2 goblins
  2 hobgoblins
  4 kobolds
  A quokka (D:2)
  2 ball pythons (D:1)
  3 bats
  2 frilled lizards (D:2)
22 creatures vanquished.

Table legend:
 A = Non-vault XP
 B = Vault XP
 C = Vault XP percentage of total XP
 D = Non-vault monster count
 E = Vault monster count
 F = Vault count percentage of total count
                 A         B        C        D         E       F
            +---------+---------+-------+---------+---------+-------
      Total |      38 |       0 |   0.0 |      22 |       0 |   0.0
            +---------+---------+-------+---------+---------+-------
        D:1 |      23 |       0 |   0.0 |      13 |       0 |   0.0
        D:2 |      15 |       0 |   0.0 |       9 |       0 |   0.0
            +---------+---------+-------+---------+---------+-------

Illustrated notes

Table legend:
 A = Kills in this place as a percentage of kills in entire the game.
 B = Kills by you in this place as a percentage of kills by you in the entire game.
 C = Kills by friends in this place as a percentage of kills by friends in the entire game.
 D = Other kills in this place as a percentage of other kills in the entire game.
 E = Experience gained in this place as a percentage of experience gained in the entire game.
 F = Experience gained in this place divided by the number of levels of this place that you have seen.
                   A       B       C       D       E      F
               +-------+-------+-------+-------+-------+----------------------
         Total | 100.0 | 100.0 |   N/A |   N/A | 100.0 |  12.7
       Dungeon | 100.0 | 100.0 |   N/A |   N/A | 100.0 |  19.0
               +-------+-------+-------+-------+-------+----------------------

Table legend: (Time is in decaauts)
 A = Elapsed time spent in this place.
 B = Non-inter-level travel time spent in this place.
 C = Inter-level travel time spent in this place.
 D = Time resting spent in this place.
 E = Time spent auto-exploring this place.
 F = Levels seen in this place.
 G = Mean time per level.
                   A        B        C        D        E       F      G
               +--------+--------+--------+--------+--------+-----+--------+
         Total |   1101 |   1072 |     29 |    226 |    657 |   3 |  367.0 |
       Dungeon |   1093 |   1064 |     29 |    226 |    654 |   2 |  546.5 |
         Abyss |      8 |      8 |      0 |      0 |      2 |   1 |    8.0 |
               +--------+--------+--------+--------+--------+-----+--------+

Top non-repeatable levels by time:
     D:1: 829 daAuts
     D:2: 263 daAuts
 Abyss:1: 8 daAuts
